 Dungeon Crawl Stone Soup version 0.30-a0-830-gfe289a77b0 (webtiles) character file.

Game seed: 14629092563522857837

1602 Farfigtubin the Slicer (level 9, 0/48 HPs)
             Began as a Kobold Brigand on Feb 28, 2023.
             Slain by a black bear (5 damage)
             ... on level 7 of the Dungeon.
             The game lasted 00:51:04 (3815 turns).

Farfigtubin the Slicer (Kobold Brigand)             Turns: 3815, Time: 00:51:05

Health: 0/48       AC:  4    Str:  9    XL:     9   Next: 16%
Magic:  9/9        EV: 18    Int: 12    God:
Gold:   341        SH:  0    Dex: 20    Spells: 8/8 levels left

rFire   . . .      SeeInvis .    n - +1 dagger (venom)
rCold   . . .      Faith    .    (no shield)
rNeg    . . .      Spirit   .    b - +0 robe
rPois   .          Reflect  .    (no helmet)
rElec   .          Harm     .    c - +0 cloak
rCorr   .          Rampage  .    l - +0 pair of gloves
Will    .....                    (no boots)
Stlth   +++++                    (no amulet)
HPRegen 0.28/turn                (no ring)
MPRegen 0.11/turn                (no ring)

@: no status effects
A: small, no large weapons, nightstalker 3
a: no special abilities


You were on level 7 of the Dungeon.
You visited 1 branch of the dungeon, and saw 7 of its levels.
You also visited: Bailey.

You collected 341 gold pieces.

Inventory:

Hand Weapons
 a - a +2 dagger
 n - a +1 dagger of venom (weapon)
Missiles
 d - 19 poisoned darts (quivered)
 e - 3 curare-tipped darts
 j - 24 stones
 x - 3 boomerangs
Armour
 b - a +0 robe (worn)
 c - a +0 cloak (worn)
 l - a +0 pair of gloves (worn)
Jewellery
 u - a ring of see invisible
 z - a ring of protection from fire
 I - a ring of poison resistance
 J - a +6 ring of intelligence
Wands
 k - a wand of roots (6)
 t - a wand of paralysis (8)
 A - a wand of flame (6)
 H - a wand of mindburst (7)
Scrolls
 g - 3 scrolls of identify {@r1}
 h - 2 scrolls of fear {unknown}
 i - 2 scrolls of fog {unknown}
 p - a scroll of brand weapon {unknown}
 q - a scroll of teleportation {unknown}
 w - a scroll of magic mapping {unknown}
 y - a scroll of poison {unknown}
 F - a scroll of acquirement
Potions
 f - 3 potions of flight
 m - 3 potions of heal wounds {unknown}
 o - 4 potions of cancellation {unknown}
 r - 4 potions of curing
 s - a potion of degeneration {unknown}
 v - a potion of lignification {unknown}
 B - 3 potions of invisibility {unknown}
 C - 2 potions of magic {unknown}
 D - 2 potions of haste {unknown}
 E - 3 potions of mutation {unknown}
 G - a potion of resistance {unknown}
 K - a potion of might {unknown}


   Skills:
 - Level 2.1 Fighting
 * Level 9.6 Short Blades
 - Level 2.1 Throwing
 + Level 6.0 Dodging
 + Level 8.8 Stealth
 + Level 4.3 Translocations


You had 8 spell levels left.
You didn't know any spells.
Your spell library contained the following spells:

 Spells                   Type           Power      Damage    Failure   Level
 Lesser Beckoning         Tloc           20%        N/A       9%          2
 Gell's Gravitas          Tloc           10%        N/A       17%         3
 Teleport Other           Tloc           10%        N/A       17%         3
 Kindle Blastsparks       Fire/Tloc/Air  6%         2d10      50%         3
 Iskenderun's Mystic Bla  Conj/Tloc      5%         2d3       80%         4
 Fulminant Prism          Conj/Hex       0%         3d5       97%         4
 Lee's Rapid Deconstruct  Erth           0%         3d4*      100%        5


Dungeon Overview and Level Annotations

Branches:
Dungeon (7/15)             Bailey (visited)
 Temple: D:4-7

Altars:
Elyvilon
Zin

Shops:
D:4 ?   D:5 ?

Annotations:
D:4 2 transporters
D:5 1 exclusion
D:7 Pikel


Innate Abilities, Weirdness & Mutations

You are small and have problems with some larger weapons.
You are completely attuned to the shadows.


Message History

The black bear barely misses you.
You hit the black bear but do no damage.
The black bear looks as sick as possible!
The black bear is moderately wounded.
The black bear attacks as you move away!
The black bear bites you but does no damage.
The black bear claws you but does no damage. x2
You hit the black bear.
The black bear looks as sick as possible!
The black bear is heavily wounded.
The black bear closely misses you. The black bear barely misses you.
The black bear claws you but does no damage.
The black bear goes berserk!
The black bear rages.
The black bear closely misses you. The black bear claws you.
The black bear barely misses you.
The black bear attacks as you move away!
The black bear completely misses you. The black bear claws you.
The black bear completely misses you.
You closely miss the black bear.
The black bear is almost dead.
The black bear bites you. The black bear closely misses you.
The black bear misses you.
You hit the black bear but do no damage.
The black bear is almost dead.
The black bear misses you. The black bear closely misses you.
The black bear claws you. The black bear bites you! The black bear misses you.
The black bear claws you. The black bear bites you!
* * * LOW HITPOINT WARNING * * *
The black bear claws you but does no damage.
The black bear misses you.
You completely miss the black bear.
The black bear is almost dead.
You barely miss the black bear.
The black bear is almost dead.
The black bear bites you.
* * * LOW HITPOINT WARNING * * *
The black bear claws you.
You die...

...#....##.#.................##.#
...#....#..###...............#...
..#..............................
.####............................
##........#....#.............#
#.........#....#...........###
#............##.........<..# #
#............##............#
####....##.....h@.......##...##
............................##
..........#....#............#
.........##.............##...#
.........###.##.............##
........## ####....#...#......
.#.....## #.....#####....##
###...## ##....# ##### ######


You could see a black bear (berserk, very poisoned).

Vanquished Creatures
  An orc knight (Bailey)
  A water moccasin (D:6)
  3 black bears (D:5)
  An orc warrior (D:7)
  A sky beast (D:7)
  An ice beast (D:5)
  A centaur (D:6)
  A jelly (D:5)
  A hound (D:4)
  2 orc priests (D:7)
  An orc wizard (D:5)
  4 iguanas
  Natasha (twice) (D:2)
  8 gnolls (Bailey)
  2 adders
  A shadow imp (D:7)
  15 orcs
  6 goblins
  4 hobgoblins
  4 jackals (D:5)
  A kobold (D:4)
  3 ball pythons
  3 bats
  3 frilled lizards
70 creatures vanquished.

Notes
Turn   | Place    | Note
-------+----------+-------------------------------------------
     0 | D:1      | Farfigtubin the Kobold Brigand began the quest for the Orb.
     0 | D:1      | Reached XP level 1. HP: 12/12 MP: 1/1
   411 | D:2      | Reached skill level 3 in Short Blades
   580 | D:2      | Noticed Natasha
   584 | D:2      | Killed Natasha
   585 | D:2      | Reached XP level 2. HP: 17/17 MP: 2/2
   585 | D:2      | Reached XP level 3. HP: 21/21 MP: 3/3
   629 | D:2      | Noticed Natasha
   642 | D:2      | Killed Natasha
   643 | D:2      | Reached skill level 4 in Short Blades
   643 | D:2      | Reached XP level 4. HP: 12/26 MP: 4/4
   892 | D:3      | Found a glowing silver altar of Zin.
  1029 | D:4      | Found a transporter.
  1042 | D:4      | Identified the +3 buckler "Damnable Contraption" {Int+3}
  1056 | D:4      | Found Zeofubock's Magic Scroll Boutique.
  1174 | D:5      | Entered Level 5 of the Dungeon
  1174 | D:5      | Found Mysei's Magic Scroll Emporium.
  1414 | D:5      | Noticed a black bear
  1473 | D:5      | Noticed an ice beast
  1479 | D:5      | Killed an ice beast
  1480 | D:5      | Reached skill level 5 in Short Blades
  1480 | D:5      | Reached skill level 1 in Translocations
  1480 | D:5      | Reached XP level 5. HP: 30/30 MP: 5/5
  1632 | D:4      | Reached XP level 6. HP: 35/35 MP: 6/6
  1738 | D:4      | Found a transporter.
  1982 | D:5      | Reached skill level 6 in Short Blades
  2001 | D:5      | Noticed a black bear
  2010 | D:5      | Killed a black bear
  2011 | D:5      | Reached XP level 7. HP: 40/40 MP: 7/7
  2028 | D:5      | Noticed a komodo dragon
  2192 | D:6      | Noticed a water moccasin
  2195 | D:6      | Killed a water moccasin
  2196 | D:6      | Reached skill level 7 in Short Blades
  2318 | D:5      | Reached XP level 8. HP: 39/44 MP: 8/8
  2721 | D:7      | Reached skill level 8 in Short Blades
  2723 | D:7      | Reached skill level 5 in Dodging
  2820 | D:7      | Found a white marble altar of Elyvilon.
  2863 | D:7      | Noticed Pikel
  2948 | D:7      | Found a flagged portal.
  2962 | Bailey   | Entered a bailey
  3518 | Bailey   | Noticed an orc knight
  3522 | Bailey   | Killed an orc knight
  3523 | Bailey   | Reached skill level 9 in Short Blades
  3523 | Bailey   | Reached XP level 9. HP: 45/48 MP: 9/9
  3815 | D:7      | Slain by a black bear

Illustrated notes

Levels and vault maps discovered:
D:1:      erik_arrival_triangle_small, layout_basic, minmay_crystal_water
D:2:      layout_basic, feat_on_display, uniq_natasha
D:3:      layout_rooms, zin_statuary, hangedman_decor_peaks_small
D:4:      gammafunk_wand_slinger, layout_basic, serial_shops, shop_coins
D:5:      kennysheep_windowed_halls, layout_loops_corners,
          makhleb_altar_promises_db, serial_shops, shop_fountains,
          minmay_increasing_density
D:6:      layout_loops_ring, minmay_temple_entry_junction_2, uniq_sigmund
D:7:      layout_cave_pools, elyvilon_altar_3, enter_bailey_3, uniq_pikel

Skill      XL: |  1  2  3  4  5  6  7  8  9 |
---------------+----------------------------+-----
Short Blades   | 3 4 5 6 7 9 |  9.6
Dodging        | 2 3 4 5 6 |  6.0
Stealth        | 6 7 8 |  8.8
Translocations | 1 2 4 |  4.3
Fighting       | |  2.1
Throwing       | |  2.1

Action                     |  1- 3 |  4- 6 |  7- 9 || total
---------------------------+-------+-------+-------++-------
  Melee: Dagger            |    18 |    34 |   107 ||   159
         Punch             |       |     1 |     2 ||     3
  Throw: Dart              |     2 |       |       ||     2
    Use: Scroll            |       |     1 |     1 ||     2
   Stab: Sleeping          |     4 |    13 |    22 ||    39
         Distracted        |       |     1 |       ||     1
 Armour: Robe              |     5 |     2 |    22 ||    29
  Dodge: Dodged            |    16 |    13 |    95 ||   124

Table legend: (Time is in decaauts)
 A = Elapsed time spent in this place.
 B = Non-inter-level travel time spent in this place.
 C = Inter-level travel time spent in this place.
 D = Time resting spent in this place.
 E = Time spent auto-exploring this place.
 F = Levels seen in this place.
 G = Mean time per level.
                   A        B        C        D        E       F      G
               +--------+--------+--------+--------+--------+-----+--------+
         Total |   3761 |   3717 |     44 |    531 |      0 |   8 |  470.1 |
       Dungeon |   3142 |   3098 |     44 |    210 |      0 |   7 |  448.9 |
        Bailey |    619 |    619 |      0 |    321 |      0 |   1 |  619.0 |
               +--------+--------+--------+--------+--------+-----+--------+

Top non-repeatable levels by time:
     D:5: 1076 daAuts
  Bailey: 619 daAuts
     D:2: 579 daAuts
     D:4: 499 daAuts
     D:7: 437 daAuts
     D:1: 301 daAuts
     D:6: 138 daAuts
     D:3: 110 daAuts
